 Dungeon Crawl Stone Soup version 0.30-a0-377-g5cb311bc9f (webtiles) character file.

Game seed: 13007391538443109351

207 Chaicat the Trooper (level 5, -3/47 HPs)
             Began as a Hill Orc Fighter on Nov 28, 2022.
             Slain by a gnoll
             ... wielding a +0 halberd
             ... led by a gnoll bouda
              (9 damage)
             ... on level 3 of the Dungeon.
             The game lasted 00:03:25 (2032 turns).

Chaicat the Trooper (Hill Orc Fighter)              Turns: 2032, Time: 00:03:26

Health: -3/47      AC:  9    Str: 21    XL:     5   Next: 85%
Magic:  5/5        EV:  7    Int:  8    God:
Gold:   84         SH:  4    Dex: 10    Spells: 4/4 levels left

rFire   . . .      SeeInvis .    a - +1 war axe (flame)
rCold   . . .      Faith    .    c - +0 buckler
rNeg    . . .      Spirit   .    m - +0 chain mail
rPois   .          Reflect  .    (no helmet)
rElec   .          Harm     .    (no cloak)
rCorr   .          Rampage  .    (no gloves)
Will    .....                    (no boots)
Stlth   ..........               (no amulet)
HPRegen 0.27/turn                (no ring)
MPRegen 0.09/turn                (no ring)

@: no status effects
A: no striking features
a: no special abilities


You were on level 3 of the Dungeon.
You visited 1 branch of the dungeon, and saw 3 of its levels.

You collected 84 gold pieces.

Inventory:

Hand Weapons
 a - a +1 war axe of flaming (weapon)
 e - a +2 antimagic hand axe
Armour
 c - a +0 buckler (worn)
 m - a +0 chain mail (worn)
Scrolls
 f - 2 scrolls of teleportation
Potions
 d - a potion of might
 g - a potion of curing
 i - 2 potions of magic


   Skills:
 + Level 4.9 Fighting
 + Level 4.5 Axes
 + Level 4.4 Armour
 + Level 4.4 Shields


You had 4 spell levels left.
You didn't know any spells.
Your spell library contained the following spells:

 Spells                   Type           Power      Damage    Failure   Level
 Cigotuvi's Dreadful Rot  Necr/Pois/Air  0%         N/A       100%        2
 Poisonous Vapours        Pois/Air       0%         N/A       100%        2
 Ignite Poison            Fire/Tmut/Pois 0%         N/A       100%        3
 Mephitic Cloud           Conj/Pois/Air  0%         N/A       100%        3
 Sticky Flame             Conj/Fire      0%         2d3       100%        4
 Ignition                 Fire           0%         3d3       100%        8


Dungeon Overview and Level Annotations

Branches:
Dungeon (3/15)

Altars:


Message History

You barely miss the gnoll.
The gnoll is moderately wounded.
The gnoll hits you with a +0 flail!
You slash the gnoll! You burn the gnoll.
You kill the gnoll!
A gnoll comes into view. It is wielding a +0 halberd.
The gnoll shouts!
A gnoll comes into view. It is wielding a +0 flail.
Things that are here:
a +0 flail; a gnoll corpse A gnoll comes into view.
It is wielding a +0 club.
The gnoll shouts!
You hear a shout!
The gnoll hits you from afar with a +0 halberd.
A gnoll bouda comes into view. It is wielding a +0 club.
The gnoll bouda shouts!
The gnoll hits you with a +0 halberd!
The gnoll bouda barks out a call to the hunt!
The gnolls pick up the pace!
You are too injured to fight recklessly!
You are too injured to fight recklessly!
You are too injured to fight recklessly!
You are too injured to fight recklessly!
You are too injured to fight recklessly!
The gnoll barely misses you. x2
You hit the gnoll. You burn the gnoll.
The gnoll is heavily wounded.
You block the gnoll's attack. The gnoll hits you with a +0 halberd.
The gnoll hits you from afar with a +0 halberd.
You slash the gnoll! You burn the gnoll.
You kill the gnoll!
You hit the gnoll. You burn the gnoll. The gnoll hits you with a +0 halberd.
You hit the gnoll. You burn the gnoll.
The gnoll is severely wounded.
You hit the gnoll. You burn the gnoll. The gnoll hits you with a +0 halberd!
* * * LOW HITPOINT WARNING * * *
A frilled lizard comes into view.
The gnoll hits you with a +0 club.
* * * LOW HITPOINT WARNING * * *
The gnoll hits you from afar with a +0 halberd!
You die...

... #.##
###.#.####.##
#...#...##.#.
##.#####......
##....#...##.#.
##.!##.#.####.##
##.)###...# #.##
##..## ##### #..
#@g## ... #g##
###. !gg. .
.PP.... .
#.PP...PP.
#.........#
#...P...P.#
..P...l.P.#


You could see a gnoll bouda, 3 gnolls and a frilled lizard (wandering).

Vanquished Creatures
  An orc priest (D:2)
  Terence (D:2)
  4 adders (D:2)
  6 gnolls
  A dart slug (D:2)
  6 orcs
  6 ball pythons
  3 bats
  4 endoplasms
  A giant cockroach (D:1)
  4 goblins
  4 hobgoblins
  6 jackals
  5 kobolds
  A quokka (D:1)
  2 frilled lizards (D:2)
  3 rats
58 creatures vanquished.

Vanquished Creatures (others)
  8 plants
8 creatures vanquished.

Grand Total: 66 creatures vanquished

Notes
Turn   | Place    | Note
-------+----------+-------------------------------------------
     0 | D:1      | Chaicat the Hill Orc Fighter began the quest for the Orb.
     0 | D:1      | Reached XP level 1. HP: 19/19 MP: 1/1
    89 | D:1      | Reached XP level 2. HP: 22/27 MP: 0/2
   635 | D:1      | Reached XP level 3. HP: 33/33 MP: 1/3
   794 | D:2      | Reached XP level 4. HP: 24/40 MP: 1/4
  1021 | D:2      | Found a faded altar of an unknown god.
  1230 | D:2      | Noticed Terence
  1243 | D:2      | Killed Terence
  1244 | D:2      | Reached XP level 5. HP: 40/47 MP: 1/5
  2032 | D:3      | Slain by a gnoll

Illustrated notes

Levels and vault maps discovered:
D:1:      onia_arrival_pyramid, layout_basic
D:2:      cheibrodos_old_hovel, layout_loops_ring,
          shapermc_ecumenical_altar_mp_highgroup, uniq_terence
D:3:      layout_loops_corners, overflow_temple_1_default,
          nicolae_grassy_gnolls, uniq_natasha

Skill      XL: |  1  2  3  4 |
---------------+-------------+-----
Axes           | 3 4 |  4.5
Fighting       | 4 |  4.9
Armour         | 4 |  4.4
Shields        | 4 |  4.4

Action                   |  1- 3 |  4- 6 || total
-------------------------+-------+-------++-------
Melee: Hand axe          |    64 |   112 ||   176
       War axe           |       |    13 ||    13
  Use: Scroll            |     7 |     5 ||    12
       Potion            |       |     1 ||     1
Armor: Scale mail        |    30 |    36 ||    66
       Chain mail        |       |     7 ||     7
Dodge: Dodged            |    33 |    52 ||    85
Block: Buckler           |    15 |    23 ||    38

Table legend: (Time is in decaauts)
 A = Elapsed time spent in this place.
 B = Non-inter-level travel time spent in this place.
 C = Inter-level travel time spent in this place.
 D = Time resting spent in this place.
 E = Time spent auto-exploring this place.
 F = Levels seen in this place.
 G = Mean time per level.
                   A        B        C        D        E       F      G
               +--------+--------+--------+--------+--------+-----+--------+
         Total |   2062 |   1966 |     96 |    100 |   1450 |   3 |  687.3 |
       Dungeon |   2062 |   1966 |     96 |    100 |   1450 |   3 |  687.3 |
               +--------+--------+--------+--------+--------+-----+--------+

Top non-repeatable levels by time:
     D:2: 1100 daAuts
     D:1: 740 daAuts
     D:3: 222 daAuts
